General information
- name: BNet
- type: Ladder 1vs1/FFA
- host: Battle.net
- saver: VELOX_NEB
map: EchoIsles
- players: 2
- length: 24:28
- speed: Fast
- version: 1.21 W3XP
- replay type: Public
» download(89 KB)
Players
team 1 (loser)

»
CaR)o(S (
green | 107 APM | 2623 actions | 24:25)
4 Far Seer
2 Feral Spirit
2 Chain Lighting
4 Firelord
2 Summon Lava Spawn
2 Incinerate
» actions
| Assign group hotkey | 40 | |
| Basic commands | 153 | |
| Build / train | 81 | |
| ESC pressed | 1 | |
| Enter build submenu | 24 | |
| Enter hero's abilities submenu | 9 | |
| Give item / drop item | 1 | |
| Remove unit from queue | 4 | |
| Right click | 1094 | |
| Select / deselect | 596 | |
| Select group hotkey | 460 | |
| Use ability | 160 | |
2623 total
» units
| Peon | 10 | |
| Grunt | 6 | |
| Troll Headhunter/Berserker | 4 | |
| Demolisher | 1 | |
| Raider | 6 | |
| Spirit Walker | 4 | |
| Forest Troll Berserker | 1 | |
| Wind Rider | 2 | |
| Kodo Beast | 2 | |
36 total
» upgrades
| Ensnare | 1 | |
| Spirit Walker Training | 1 | |
2 total
» buildings
| Altar of Storms | 1 | |
| Orc Burrow | 9 | |
| War Mill | 1 | |
| Stronghold | 5 | |
| Barracks | 1 | |
| Voodoo Lounge | 2 | |
| Watch Tower | 6 | |
| Beastiary | 1 | |
| Spirit Lodge | 1 | |
27 total
» build order
00:07 Altar of Storms
00:20 Orc Burrow
01:28 War Mill
01:51 Stronghold
01:51 Stronghold
01:51 Stronghold
01:51 Stronghold
02:07 Barracks
02:18 Orc Burrow
03:04 Orc Burrow
03:09 Orc Burrow
03:36 Voodoo Lounge
05:23 Watch Tower
05:24 Watch Tower
06:21 Watch Tower
06:43 Watch Tower
08:14 Watch Tower
08:31 Beastiary
09:28 Spirit Lodge
10:19 Orc Burrow
14:15 Watch Tower
15:23 Orc Burrow
15:24 Orc Burrow
15:30 Voodoo Lounge
15:33 Orc Burrow
19:07 Orc Burrow
» items
| Potion of Healing | 2 | |
| Healing Salve | 7 | |
| Lesser Clarity Potion | 4 | |
| Scroll of Healing | 3 | |
| Potion of Lesser Invulnerability | 2 | |
| Dust of Appearance | 1 | |
| Scroll of Town Portal | 1 | |
20 total
team 2 (winner)
VELOX_NEB (
pink | 85 APM | 2075 actions | 24:28)
4 Blademaster
2 Wind Walk
2 Critical Strike
3 Tauren Chieftain
1 Shockwave
2 Endurance Aura
3 Shadow Hunter
1 Hex
2 Healing Wave
» actions
| Assign group hotkey | 62 | |
| Basic commands | 203 | |
| Build / train | 69 | |
| ESC pressed | 1 | |
| Enter build submenu | 16 | |
| Enter hero's abilities submenu | 10 | |
| Give item / drop item | 4 | |
| Remove unit from queue | 1 | |
| Right click | 909 | |
| Select / deselect | 437 | |
| Select group hotkey | 232 | |
| Use ability | 131 | |
2075 total
» units
| Peon | 6 | |
| Grunt | 10 | |
| Demolisher | 2 | |
| Spirit Walker | 3 | |
| Raider | 2 | |
| Wind Rider | 1 | |
| Tauren | 2 | |
| Troll Batrider | 2 | |
28 total
» upgrades
| Ensnare | 1 | |
| Spirit Walker Training | 2 | |
| Armor | 1 | |
| Pulverize | 1 | |
5 total
» buildings
| Altar of Storms | 1 | |
| Orc Burrow | 5 | |
| Barracks | 1 | |
| Voodoo Lounge | 1 | |
| War Mill | 1 | |
| Stronghold | 1 | |
| Watch Tower | 2 | |
| Fortress | 1 | |
| Spirit Lodge | 1 | |
| Beastiary | 1 | |
| Tauren Totem | 1 | |
| Great Hall | 1 | |
17 total
» build order
00:06 Altar of Storms
00:21 Orc Burrow
00:36 Barracks
01:36 Orc Burrow
01:53 Voodoo Lounge
02:42 War Mill
03:14 Stronghold
04:05 Watch Tower
05:20 Watch Tower
08:32 Orc Burrow
09:25 Fortress
09:31 Orc Burrow
10:11 Spirit Lodge
10:15 Beastiary
13:53 Orc Burrow
16:58 Tauren Totem
22:32 Great Hall
» items
| Healing Salve | 5 | |
| Lesser Clarity Potion | 4 | |
| Boots of Speed | 1 | |
| Potion of Healing | 3 | |
| Claws of Attack +6 | 2 | |
| Gloves of Haste | 1 | |
| Circlet of Nobility | 1 | |
| Orb of Lightning | 1 | |
| Scroll of Speed | 1 | |
| Scroll of Town Portal | 1 | |
20 total
Chat log
(00:18 / All) CaR)o(S: gghf
(00:24 / All) VELOX_NEB: u2
(00:28 / All) CaR)o(S: thx
(21:12 / All) CaR)o(S: suka
(24:25 / All) CaR)o(S: fu pidor idi na huy